 Dungeon Crawl Stone Soup version 0.21.0-24-g2553a33 (webtiles) character file.

1783 Gorglomux the Shield-Bearer (level 8, -10/76 HPs)
             Began as a Deep Dwarf Fighter on Jan 21, 2018.
             Was a Believer of Makhleb.
             Mangled by a two-headed ogre
             ... wielding a +0 giant spiked club
              (14 damage)
             ... on level 8 of the Dungeon.
             The game lasted 00:03:07 (3315 turns).

Gorglomux the Shield-Bearer (Deep Dwarf Fighter)    Turns: 3315, Time: 00:03:08

Health: -10/76     AC:  7    Str: 21      XL:     8   Next: 81%
Magic:  0/6        EV:  9    Int: 10      God:    Makhleb [**....]
Gold:   242        SH:  0    Dex: 11 (12) Spells: 7/7 levels left

rFire    . . .     SeeInvis .   X - +0 executioner's axe (flame)
rCold    . . .     Gourm    .   (shield currently unavailable)
rNeg     . . .     Faith    .   b - +0 scale mail
rPois    .         Spirit   +   (no helmet)
rElec    .         Reflect  .   U - scarf {Spirit}
rCorr    .         Harm     .   (no gloves)
MR       +....     Rnd*Tele +   (no boots)
Stlth    ..........             (no amulet)
HPRegen  0.00/turn              y - +4 ring of slaying
MPRegen  0.10/turn              t - ring of teleportation

@: non-regenerating
A: damage resistance, heal wounds, sense surroundings 1, no regeneration
a: Heal Wounds, Minor Destruction, Renounce Religion


You were on level 8 of the Dungeon.
You worshipped Makhleb.
Makhleb was pleased with you.
You were hungry.

You visited 2 branches of the dungeon, and saw 9 of its levels.

You collected 242 gold pieces.

Inventory:

Hand Weapons
 a - a +1 war axe
 X - a +0 executioner's axe of flaming (weapon)
Missiles
 Z - 2 throwing nets (quivered)
Armour
 b - a +0 scale mail (worn)
 c - a +1 shield
 U - a scarf of spirit shield (worn)
Jewellery
 s - an uncursed ring of see invisible
 t - a ring of teleportation (right hand)
 y - a +4 ring of slaying (left hand)
Wands
 P - a wand of paralysis (20)
Scrolls
 k - 2 scrolls of enchant armour
 n - a scroll of noise
 M - 2 scrolls of magic mapping
 N - a scroll of torment
 O - a scroll of fog
 R - a scroll of identify
 T - 3 scrolls of teleportation
Potions
 d - a potion of might
 p - 2 potions of degeneration
 Q - a potion of curing
 Y - a potion of flight
Books
 W - a book of Changes

   Spells                             Type                      Level
   a - Beastly Appendage              Transmutation                1
   b - Sticks to Snakes               Transmutation                2
   c - Spider Form                    Transmutation/Poison         3
   d - Ice Form                       Ice/Transmutation            4
   e - Blade Hands                    Transmutation                5
Comestibles
 f - 10 rations


   Skills:
 + Level 5.8 Fighting
 + Level 6.5 Axes
 + Level 7.0 Armour
 + Level 0.0 Dodging
 - Level 7.0 Shields
 + Level 1.6 Invocations


You had 7 spell levels left.
You didn't know any spells.

Dungeon Overview and Level Annotations

Branches:
Dungeon (8/15)             Temple (1/1) D:4
   Lair: D:8-11

Altars:
Ashenzari
Cheibriados
Makhleb
Trog
Uskayaw
Vehumet
Zin
The Shining One

Shops:
D:4 [   D:6 %


Innate Abilities, Weirdness & Mutations

You are resistant to damage.
You can heal yourself by infusing magical energy.
You passively map a small area around you.
You do not regenerate.


Message History

The two-headed butt closely misses you!
The butt-headed ogre closely misses you!
The two-butt ogre hits you with a dire flail!
Unknown command!
You butt much better!
The two-headed ogre hits you with a butt spiked club!!!!!! * * * don't die
* * * The two-headed ogre hits you with a dire flail!!! * * * don't die
* * * You dice the two-headed ogre like an onion!!!!!!
Butt burn the two-headed ogre!
The two-headed ogre is heavily wounded!
The two-butt ogre butt-ly misses you!
The two-headed butt hits you with a dire flail!!! * * * don't die
* * * You barely miss the two-headed ogre!
The two-headed ogre is heavily butt!
The two-headed ogre barely misses you!
The two-headed ogre hits you with a dire flail!!! rip

, ..%..#.# .# , , ,
....#.##.# , ,
...#.#....# * * . , .
........#, ,, , ,..
#.#.......## ,,
...##.#........# * ,*
......#..O.....#
........@# * * ,*
.........# .........#
#.....##.#
#...#....#############
* ,
.....................#
,
#...##.#############.#
* ......
#........#<#.# ###.
#.######.#.#.#


You could see a two-headed ogre.

Vanquished Creatures
  Eustachio (D:5)
  2 orc warriors
  The ghost of Gorglomux the Shield-Bearer, an amateur DDFi (D:4)
  A black bear (D:7)
  A centaur (D:6)
  The ghost of Phong the Slasher, an amateur OpGl of Okawaru (D:3)
  2 bullfrogs
  A scorpion (D:5)
  3 wights (D:7)
  3 howler monkeys
  2 crimson imps (D:5)
  A quasit (D:7)
  2 hounds
  3 orc priests
  A bullfrog skeleton (D:4)
  3 orc wizards
  3 worker ants
  11 gnolls
  8 adders
  A howler monkey skeleton (D:7)
  A shadow imp (D:5)
  An adder skeleton (D:6)
  A worm (D:6)
  2 dart slugs
  2 leopard geckos
  14 orcs
  2 bats (D:1)
  2 giant cockroaches (D:1)
  2 hobgoblins (D:3)
  4 frilled lizards
  12 goblins
  5 kobolds
  A quokka skeleton (D:4)
  3 rats
103 creatures vanquished.

Notes
Turn   | Place    | Note
-------+----------+-------------------------------------------
     0 | D:1      | Gorglomux the Deep Dwarf Fighter began the quest for the Orb.
     0 | D:1      | Reached XP level 1. HP: 20/20 MP: 1/1
   103 | D:1      | Reached XP level 2. HP: 25/27 MP: 2/2
   572 | D:2      | Reached skill level 3 in Fighting
   626 | D:2      | Reached XP level 3. HP: 26/34 MP: 3/3
   767 | D:3      | Noticed Phong's ghost (amateur OpGl)
   787 | D:3      | Killed Phong's ghost
   787 | D:3      | Reached skill level 3 in Axes
   787 | D:3      | Reached XP level 4. HP: 32/42 MP: 4/4
   901 | D:3      | Found a faded altar of an unknown god.
   979 | D:4      | Reached XP level 5. HP: 45/49 MP: 5/5
  1005 | D:4      | Found Dielidd's Antique Armour Shoppe.
  1013 | D:4      | Found a staircase to the Ecumenical Temple.
  1073 | Temple   | Entered the Ecumenical Temple
  1191 | Temple   | Became a worshipper of Makhleb the Destroyer
  1354 | D:4      | Reached XP level 6. HP: 44/57 MP: 6/6
  1429 | D:4      | Noticed Gorglomux's ghost (amateur DDFi)
  1439 | D:4      | Killed Gorglomux's ghost
  1489 | D:5      | Entered Level 5 of the Dungeon
  1489 | D:5      | Found a burning altar of Makhleb.
  1578 | D:5      | Noticed Eustachio
  1602 | D:5      | Killed Eustachio
  1602 | D:5      | Reached XP level 7. HP: 24/66 MP: 7/7
  1728 | D:5      | Reached * piety under Makhleb
  2291 | D:6      | Found a snail-covered altar of Cheibriados.
  2316 | D:6      | Reached skill level 6 in Armour
  2316 | D:6      | Reached skill level 6 in Shields
  2331 | D:6      | Reached XP level 8. HP: 29/74 MP: 6/6
  2547 | D:6      | Found Ytoacho's Food Boutique.
  2637 | D:7      | Reached skill level 6 in Axes
  2688 | D:7      | Reached ** piety under Makhleb
  2789 | D:7      | Reached skill level 1 in Invocations
  3130 | D:7      | Identified a scroll of acquirement
  3307 | D:8      | Noticed a two-headed ogre
  3315 | D:8      | Mangled by a two-headed ogre

Skill      XL: |  1  2  3  4  5  6  7  8 |
---------------+-------------------------+-----
Fighting       | 3 4 5 |  5.8
Axes           | 3 4 5 6 |  6.5
Armour         | 4 5 6 7 |  7.0
Shields        | 4 5 6 7 |  7.0
Invocations    | 1 |  1.6

Action                   |  1- 3 |  4- 6 |  7- 9 || total
-------------------------+-------+-------+-------++-------
Melee: War axe           |    90 |   115 |   186 ||   391
       Executioner's axe |       |       |     3 ||     3
Throw: Throwing net      |       |       |     1 ||     1
 Abil: Heal Wounds       |     1 |     3 |    13 ||    17
  Use: Potion            |       |       |     4 ||     4
       Scroll            |       |       |    13 ||    13
  Eat: Chunk             |       |     3 |     5 ||     8
Armor: Scale mail        |    34 |    73 |    77 ||   184
       Skin              |       |       |     5 ||     5
Dodge: Dodged            |    27 |    58 |    88 ||   173
Block: Shield            |    48 |    89 |   111 ||   248
